Description

Final IEM Taipei 2016 (Game 6) in Central Protocol

VOD

https://www.youtube.com/watch?v=oeimjvDYIaA

Replay - ByuN v sOs: Game 6 - Central Protocol

Build Order

Get SALT Encoding   

  12  0:00  Probe (Chrono Boost)  
  13  0:11  Probe (Chrono Boost)  
  14  0:17  Pylon  
  14  0:21  Probe (Chrono Boost)  
  15  0:35  Probe (Chrono Boost)  
  16  0:36  Gateway  
  16  0:41  Assimilator  2 in gas
  16  0:45  Probe (Chrono Boost)  
  17  0:50  Assimilator  2 in gas
  17  0:56  Probe (Chrono Boost)  
  18  1:07  Probe (Chrono Boost)  
  18  1:08  Gateway  
  19  1:17  Probe (Chrono Boost)  
  20  1:23  Cybernetics Core  3 in gases
  20  1:28  Probe (Chrono Boost)  
  21  1:34  Pylon  
  21  1:38  Probe (Chrono Boost)  
  22  1:49  Probe (Chrono Boost)  
  23  1:59  Stalker x2  go to the terran base, go to the terran base
  23  2:01  Warp Gate (Chrono Boost)  only crono here at the robo is finish
  27  2:14  Pylon  
  27  2:29  Stalker x2  
  31  2:37  Robotics Facility  
  31  2:45  Gateway  
  31  3:00  Stalker  
  31  3:01  Stalker  
  35  3:14  Pylon  
  35  3:24  Immortal (Chrono Boost)  
  39  3:50  Stalker x3  
  45  3:55  Pylon  
  45  3:59  Observer (Chrono Boost)  
  43  4:17  Stalker x2  
  47  4:25  Adept  
  43  4:43  Adept x2  
  45  4:58  Stalker  
  43  5:08  Stalker x2  
Spawning Tool Build Advisor. Get it on Overwolf

Analysis

Strong build if terran open with rax/reactor/expand

Go to:

Details

  • Created by: costta
  • Published on: Feb 04, 2016
  • Modified on: Feb 04, 2016
  • Patch: Pre-3.8.0
Show
View Real Time Build Order
Export as new Build Order

Comments (3)

On Feb. 20, 2016, 2:29 p.m., Androntov  said:

AND in ±3:55 better warp 2 pylons. It gives more time to micro, not distracting for macro.

On Feb. 20, 2016, 2:27 p.m., Androntov  said:

It is works. ±90% win in Bronze/Silver PvT.

On Feb. 4, 2016, 10:08 p.m., costta  said:

Build at the 1:12 in VOD

Create an account to comment!